 Dungeon Crawl Stone Soup version 0.19-a0-1704-gbd66c22 (webtiles) character file.

111607 dvd the Brawler (level 16, -4/128 HPs)
             Began as a Ghoul Monk on Sept 27, 2016.
             Was a High Priest of Qazlal.
             Slain by a sea snake (12 damage)
             ... on level 1 of the Snake Pit.
             The game lasted 01:47:18 (23566 turns).

dvd the Brawler (Ghoul Monk)                       Turns: 23566, Time: 01:47:19

Health: -4/128     AC: 20    Str: 19    XL:     16   Next: 58%
Magic:  2/19       EV: 20    Int:  5    God:    Qazlal [*****.]
Gold:   1770       SH: 17    Dex: 18    Spells: 1 memorised, 13 levels left

rFire  + . .     SeeInvis .       - Unarmed
rCold  + . .     Gourm    .     R - +4 ring mail {rF+}
rNeg   + + +     Faith    .     I - +3 buckler "Majy" {MR+}
rPois  ∞         Spirit   .     f - +2 hat
rElec  +         Dismiss  +     E - +2 cloak {rPois}
rCorr  .         Reflect  .     k - +2 pair of gloves
MR     ++...     Harm     .     (no boots)
Stlth  +.........               z - amulet of dismissal
                                r - +4 ring of dexterity
                                n - +5 ring of evasion

@: about to teleport, protected from electricity, very slightly contaminated,
rotting, constricted, repel missiles
A: rotting body, claws 1, carnivore 3, cold resistance 1, negative energy
resistance 3, slow regeneration 1, torment resistance, unbreathing
a: Upheaval, Elemental Force, Disaster Area, Renounce Religion


You were on level 1 of the Snake Pit.
You worshipped Qazlal.
Qazlal was extremely pleased with you.
You were not hungry.

You visited 5 branches of the dungeon, and saw 23 of its levels.
You also visited: Sewer, Bailey and Volcano.

You collected 2164 gold pieces.
You spent 394 gold pieces at shops.

Inventory:

Missiles
 i - 49 tomahawks
 v - 2 poisoned tomahawks (quivered)
 Z - 7 tomahawks of returning
Armour
 f - a +2 hat (worn)
 k - a +2 pair of gloves (worn)
 o - a +0 helmet
 q - a +1 chain mail of magic resistance
 E - a +2 cloak of poison resistance (worn)
 H - a +1 chain mail of fire resistance
 I - the +3 buckler "Majy" (worn) {MR+}
   (You found it on level 9 of the Dungeon)

   It affects your resistance to hostile enchantments.
 R - a +4 ring mail of fire resistance (worn)
 Y - a +1 plate armour of cold resistance
Jewellery
 n - a +5 ring of evasion (left hand)
 r - a +4 ring of dexterity (right hand)
 z - an amulet of dismissal (around neck)
 D - a +4 ring of evasion
 F - an uncursed ring of protection from fire
Wands
 c - a wand of flame (16/48)
 G - a wand of teleportation (4/9)
 K - a wand of paralysis (12/24)
 W - a wand of iceblast (10/15)
Scrolls
 a - a scroll of recharging
 g - a scroll of blinking
 h - 9 scrolls of identify
 m - a scroll of enchant armour
 t - 7 scrolls of remove curse
 C - 3 scrolls of fog
 M - 3 scrolls of magic mapping
Potions
 e - 3 potions of flight
 j - 3 potions of magic
 l - 3 potions of curing
 x - 5 potions of brilliance
 J - a potion of might
 N - a potion of resistance
 T - a potion of agility
Comestibles
 b - 12 meat rations
 d - 6 chunks of flesh
 p - 11 slices of pizza
 s - 14 royal jellies
 w - 6 beef jerkies


   Skills:
 * Level 8.0 Fighting
 + Level 4.6 Throwing
 + Level 9.2 Armour
 + Level 9.4 Dodging
 + Level 4.9 Stealth
 + Level 11.0 Shields
 + Level 20.2 Unarmed Combat
 * Level 6.2 Invocations
 + Level 2.7 Evocations


You had 13 spell levels left.
You knew the following spells:

 Your Spells              Type           Power        Failure   Level  Hunger
a - Blink                 Tloc           N/A          95%         2    ###....


Dungeon Overview and Level Annotations

Branches:
Dungeon (13/15)            Temple (1/1) D:6            Lair (6/6) D:11
 Shoals (0/4) Lair:4        Snake (1/4) Lair:3        Slime (0/5) Lair:6
    Orc (2/2) D:11            Elf (0/3) Orc:2
 Vaults: D:13-14

Altars:
Ashenzari
Cheibriados
Dithmenos
Elyvilon
Fedhas
Gozag
Hepliaklqana
Kikubaaqudgha
Makhleb
Nemelex Xobeh
Okawaru
Qazlal
Ru
Sif Muna
Trog
Uskayaw
Vehumet
Xom
Yredelemnul
Zin
The Shining One
Beogh
Jiyva

Shops:
D:7 !(?   Orc:2 }%%!   Snake:1 :

Portals:
Pandemonium: Orc:2

Annotations:
Lair:1 exclusion: oklob plant


Innate Abilities, Weirdness & Mutations

Your body is rotting away.
You thrive on raw meat.
You are immune to poison.
You have sharp fingernails.
You are carnivorous and can eat meat at any time.
Your flesh is cold resistant. (rC+)
You are immune to negative energy. (rN+++)
You regenerate slowly when monsters are visible.
You are immune to unholy pain and torment.
You can survive without breathing.


Message History

As you read the scroll of teleportation, it crumbles to dust.
You feel strangely unstable. The anaconda bites you!
* * * LOW HITPOINT WARNING * * *
x2 The anaconda constricts you.
You block the anaconda's attack. The anaconda constricts you.
The naga mage mumbles some strange words.
The naga mage seems to speed up.
The shock serpent is engulfed in roaring flames.
The shock serpent's electric aura discharges, shocking you!
* * * LOW HITPOINT WARNING * * *
You escape the anaconda's grasp.
You hear a shout!
The shock serpent is engulfed in freezing vapours.
The shock serpent's electric aura discharges, shocking you!
* * * LOW HITPOINT WARNING * * *
Unknown command.
You feel better. The anaconda grabs you. You block the anaconda's attack.
The anaconda constricts you. You block the anaconda's attack.
The anaconda constricts you. The sea snake bites you!
You die...

# ## .# #. .. ###.
#. #...≈.≈≈≈≈ #..N
# #. #####...≈≈≈≈≈.
#...###.##§ #...#
.!≈≈≈S.≈
#..SS##....####...#
.≈≈≈.≈≈ #.S.#
#.@S##...## #≈≈.P≈≈
#⌠SS#
#..S......###≈≈NN.≈
#..∩.#
##.S§..##..?#.≈≈≈P.
#.⌠.⌠#
#.§...##...#.(;≈N≈
#....#
#####S.....SN#####
####.#
##N........... #..
#....#######S #..
###.... ##.###


You could see 2 sea snakes, an anaconda, a shock serpent and a naga mage.

Vanquished Creatures
  Rupert (D:12)
  Frances (D:13)
  A tengu reaver (D:13)
  2 orc warlords
  Nessos (Orc:2)
  A dire elephant (Lair:6)
  Snorg (D:10)
  An ettin (Orc:1)
  A yaktaur captain (D:13)
  Erolcha (D:9)
  6 hydras
  2 catoblepae
  A merfolk avatar (Lair:6)
  Erica (D:10)
  An anaconda (Snake:1)
  2 ogre magi
  4 death yaks
  A deep troll earth mage (D:13)
  6 orc high priests (Orc:2)
  A hell knight (D:13)
  A soul eater (Orc:2)
  2 sea snakes (Lair:6)
  2 putrid demonspawn (Orc:2)
  2 harpies (Lair:6)
  3 hill giants
  6 orc knights
  An ugly thing (D:11)
  8 orc sorcerers
  3 cyclopes
  A manticore (D:13)
  18 elephants
  4 black mambas
  3 torpor snails (Lair:6)
  2 gargoyles
  19 spiny frogs
  3 centaur skeletons
  9 rime drakes
  11 komodo dragons
  3 kobold demonologists
  A tengu conjurer (D:12)
  A hellwing (Orc:2)
  An ice devil (Orc:2)
  A queen bee (Lair:6)
  Grinder (D:5)
  3 meliai (Lair:6)
  5 trolls
  A polar bear (Lair:6)
  2 wind drakes (Lair:6)
  34 blink frogs
  Prince Ribbit (D:5)
  9 hippogriffs
  6 two-headed ogres
  Sigmund (D:5)
  A vampire (D:9)
  34 yaks
  A ynoxinul (Orc:2)
  A human (D:8)
  2 wyverns
  2 basilisks
  A chaos spawn (Orc:2)
  A steam dragon (Lair:4)
  Menkaure (D:5)
  A naga (Snake:1)
  3 wargs
  2 mottled dragons (D:13)
  10 water moccasins
  2 porcupines
  An ice beast (D:5)
  3 black bears (Lair:2)
  53 orc warriors
  2 sky beasts
  A necrophage (D:7)
  24 wolves
  A phantom (D:12)
  2 wasps
  13 ogres
  8 centaurs
  11 crocodiles
  3 big kobolds
  The ghost of Amnesiac the Sneak, an amateur DEEn (D:3)
  Blork the orc (D:5)
  19 bullfrogs
  A gnoll sergeant (Orc:1)
  2 wyvern zombies
  2 scorpions
  25 killer bees
  8 wights
  4 electric eels (D:11)
  A howler monkey (D:5)
  7 crimson imps
  2 bullfrog zombies
  4 centaur zombies
  A quasit (D:6)
  32 orc priests
  A jelly (D:11)
  6 gnoll shamans
  8 hounds
  18 orc wizards
  3 bullfrog skeletons
  4 iguanas
  8 worker ants
  A worker ant zombie (D:8)
  65 gnolls
  A howler monkey skeleton (D:6)
  16 adders
  37 river rats
  3 shadow imps
  2 oozes (Sewer)
  An adder zombie (D:7)
  3 adder skeletons
  6 worms
  A dart slug (D:1)
  7 leopard geckos
  106 orcs
  4 ball pythons
  9 giant cockroaches
  26 goblins
  15 hobgoblins
  24 jackals
  23 kobolds
  3 quokkas
  A ball python skeleton (D:4)
  13 bats
  5 frilled lizards
  12 rats
  A butterfly (Lair:3)
  39 fungi
  16 plants
986 creatures vanquished.

Vanquished Creatures (collateral kills)
  2 blink frogs (Lair:1)
  A bullfrog (Lair:3)
3 creatures vanquished.

Vanquished Creatures (others)
  A black mamba (Snake:1)
  3 orcs
  11 fungi
  28 plants
43 creatures vanquished.

Grand Total: 1032 creatures vanquished

Notes
Turn   | Place    | Note
-------+----------+-------------------------------------------
     0 | D:1      | dvd the Ghoul Monk began the quest for the Orb.
     0 | D:1      | Reached XP level 1. HP: 19/19 MP: 0/0
    87 | D:1      | Reached XP level 2. HP: 17/26 MP: 1/1
   447 | D:1      | Reached XP level 3. HP: 33/33 MP: 2/2
   564 | D:1      | Reached skill level 4 in Unarmed Combat
  1112 | D:2      | Reached XP level 4. HP: 40/40 MP: 3/3
  1541 | D:2      | Found a snail-covered altar of Cheibriados.
  1952 | D:3      | Reached XP level 5. HP: 45/45 MP: 4/4
  2048 | D:3      | Noticed Amnesiac's ghost (amateur DEEn)
  2139 | D:3      | Killed Amnesiac's ghost
  2139 | D:3      | Reached skill level 5 in Unarmed Combat
  2191 | D:3      | Found a glowing drain.
  2224 | Sewer    | Entered a sewer
  2263 | Sewer    | Reached skill level 1 in Armour
  2330 | Sewer    | Reached XP level 6. HP: 51/52 MP: 5/5
  2461 | Sewer    | Reached skill level 6 in Unarmed Combat
  2817 | D:2      | Reached XP level 7. HP: 36/59 MP: 6/6
  3124 | D:3      | Reached skill level 7 in Unarmed Combat
  3437 | D:3      | Reached XP level 8. HP: 66/66 MP: 7/7
  3601 | D:3      | Reached skill level 8 in Unarmed Combat
  3925 | D:4      | Found an ancient bone altar of Kikubaaqudgha.
  4293 | D:5      | Entered Level 5 of the Dungeon
  4416 | D:5      | Noticed Menkaure
  4423 | D:5      | Killed Menkaure
  4448 | D:5      | Noticed Blork the orc
  4460 | D:5      | Killed Blork the orc
  4460 | D:5      | Reached skill level 9 in Unarmed Combat
  4522 | D:5      | Noticed Sigmund
  4526 | D:5      | Noticed Prince Ribbit
  4575 | D:5      | Noticed Grinder
  4591 | D:5      | Killed Sigmund
  4591 | D:5      | Reached skill level 5 in Dodging
  4602 | D:5      | Paralysed by Grinder for 3 turns
  4607 | D:5      | Killed Grinder
  4607 | D:5      | Reached skill level 10 in Unarmed Combat
  4607 | D:5      | Reached XP level 9. HP: 60/72 MP: 8/8
  5028 | D:5      | Got a brightly glowing long sword {elec}
  5046 | D:5      | Killed Prince Ribbit
  5060 | D:5      | Identified the cursed +0 long sword of the Snake Pit {elec, rPois Str+4 Int+3} (You took it off a centaur on level 5 of the Dungeon)
  5150 | D:5      | Found a hide-covered altar of Uskayaw.
  5309 | D:6      | Found a white marble altar of Elyvilon.
  5408 | D:6      | Reached skill level 5 in Fighting
  5465 | D:6      | Reached skill level 11 in Unarmed Combat
  5556 | D:6      | Found a staircase to the Ecumenical Temple.
  5567 | Temple   | Entered the Ecumenical Temple
  5615 | Temple   | Became a worshipper of Qazlal Stormbringer
  5615 | Temple   | Reached * piety under Qazlal
  5615 | Temple   | Reached ** piety under Qazlal
  6168 | D:7      | Found Roug's Magic Scroll Boutique.
  6362 | D:7      | Found Lohof's Antique Weapon Shoppe.
  6404 | D:7      | Found Awaceuwk's Distillery.
  6411 | D:7      | Bought a potion of heal wounds for 60 gold pieces
  6454 | D:8      | Reached XP level 10. HP: 73/81 MP: 9/9
  6477 | D:8      | Found a sparkling altar of Nemelex Xobeh.
  6480 | D:8      | Found a deep blue altar of Sif Muna.
  6480 | D:8      | Found a radiant altar of Vehumet.
  6505 | D:8      | Reached skill level 12 in Unarmed Combat
  6651 | D:8      | Reached skill level 1 in Shields
  7285 | D:8      | Reached skill level 5 in Armour
  7702 | D:9      | Got a scorched buckler
  7752 | D:9      | Identified the +3 buckler "Majy" {MR+} (You found it on level 9 of the Dungeon)
  7880 | D:9      | Noticed a kobold demonologist
  7883 | D:9      | Noticed a soul eater
  7892 | D:9      | Noticed a soul eater
  7893 | D:9      | Killed a kobold demonologist
  7931 | D:9      | Learned a level 2 spell: Blink
  7971 | D:9      | Got a translucent hand crossbow
  7972 | D:9      | Identified the +6 hand crossbow of the Horn {venom, rF++ Str-2 Int+4 Dex+3} (You found it on level 9 of the Dungeon)
  8055 | D:9      | Noticed Erolcha
  8075 | D:9      | Killed Erolcha
  8075 | D:9      | Reached skill level 13 in Unarmed Combat
  8273 | D:10     | Entered Level 10 of the Dungeon
  8384 | D:10     | Reached XP level 11. HP: 88/88 MP: 10/10
  8392 | D:10     | Noticed Erica
  8396 | D:10     | Reached *** piety under Qazlal
  8684 | D:10     | Noticed Snorg
  8701 | D:10     | Killed Snorg
  8716 | D:10     | Found a flagged portal.
  8731 | Bailey   | Entered a bailey
  9005 | Bailey   | Noticed an orc knight
  9024 | Bailey   | Killed an orc knight
  9024 | Bailey   | Reached **** piety under Qazlal
  9024 | Bailey   | Reached skill level 1 in Throwing
  9112 | Bailey   | Noticed an orc warlord
  9273 | Bailey   | Reached skill level 1 in Invocations
  9338 | Bailey   | Identified a scroll of acquirement
  9436 | Bailey   | Killed an orc warlord
  9436 | Bailey   | Reached skill level 14 in Unarmed Combat
  9753 | D:10     | Killed Erica
  9944 | D:10     | Noticed a cyclops
  9955 | D:10     | Killed a cyclops
 10072 | D:11     | Reached skill level 1 in Evocations
 10076 | D:11     | Noticed a cyan ugly thing
 10090 | D:11     | Killed a cyan ugly thing
 10218 | D:11     | Reached XP level 12. HP: 87/94 MP: 12/12
 10390 | D:11     | Found a roughly hewn altar of Beogh.
 10561 | D:11     | Reached ***** piety under Qazlal
 10580 | D:11     | Found a staircase to the Lair.
 10635 | D:11     | Found a staircase to the Orcish Mines.
 10809 | D:11     | Reached skill level 5 in Shields
 10809 | D:11     | Reached skill level 15 in Unarmed Combat
 10809 | D:11     | Reached XP level 13. HP: 103/103 MP: 12/14
 10963 | Lair:1   | Entered Level 1 of the Lair of Beasts
 12190 | Lair:2   | Got a distressingly furry chain mail
 12208 | Lair:1   | Identified the +0 chain mail "Wyscher" {MP+9} (You acquired it on level 2 of the Lair of Beasts)
 12383 | Lair:2   | Found a shadowy altar of Dithmenos.
 12775 | Lair:2   | Reached skill level 16 in Unarmed Combat
 13703 | Lair:3   | Found a staircase to the Snake Pit.
 13708 | Lair:3   | Found a dark tunnel.
 13718 | Volcano  | Entered a volcano
 14931 | Lair:4   | Reached XP level 14. HP: 95/111 MP: 15/15
 15160 | Lair:4   | Reached skill level 17 in Unarmed Combat
 15182 | Lair:4   | Found a staircase to the Shoals.
 16529 | Lair:6   | Entered Level 6 of the Lair of Beasts
 17269 | Lair:6   | Reached skill level 18 in Unarmed Combat
 17468 | Lair:6   | Reached XP level 15. HP: 117/117 MP: 13/17
 17784 | Lair:6   | Found a viscous altar of Jiyva.
 17784 | Lair:6   | Found a staircase to the Slime Pits.
 18426 | Lair:6   | Identified the Compendium of Shifting Calling
 18901 | D:11     | Reached skill level 19 in Unarmed Combat
 18936 | Orc:1    | Entered Level 1 of the Orcish Mines
 18936 | Orc:1    | Found a burning altar of Makhleb.
 19082 | Orc:2    | Entered Level 2 of the Orcish Mines
 19082 | Orc:2    | Found Juwiwoal's Food Emporium.
 19255 | Orc:2    | Found a staircase to the Elven Halls.
 19309 | Orc:2    | Found a bloodstained altar of Trog.
 19465 | Orc:2    | Noticed Nessos
 19493 | Orc:2    | Killed Nessos
 19660 | Orc:2    | Found Vasi's Food Boutique.
 19665 | Orc:2    | Found Imaich's Distillery.
 19894 | Orc:2    | Bought a potion of heal wounds for 70 gold pieces
 20039 | Orc:2    | Reached skill level 5 in Invocations
 20046 | Orc:2    | Reached skill level 10 in Shields
 20636 | Orc:2    | Found Dejac's Gadget Emporium.
 20636 | Orc:2    | Found a one-way gate leading to the halls of Pandemonium.
 20636 | Orc:2    | Found Unocuo Pepn's Antique Weapon Shoppe.
 20638 | Orc:2    | Bought a wand of teleportation (4/9) for 264 gold pieces
 20699 | Orc:2    | Noticed an orc warlord
 20871 | Orc:2    | Killed an orc warlord
 21181 | Orc:1    | Reached XP level 16. HP: 81/126 MP: 18/18
 21957 | D:12     | Found a blossoming altar of Fedhas.
 22332 | D:13     | Noticed Rupert
 22392 | D:12     | Killed Rupert
 22580 | D:13     | Reached skill level 20 in Unarmed Combat
 22633 | D:13     | Noticed a tengu reaver
 22633 | D:13     | Found a runed door.
 22814 | D:13     | Killed a tengu reaver
 22945 | D:13     | Noticed Frances
 22971 | D:13     | Killed Frances
 22983 | D:13     | Reached ****** piety under Qazlal
 23515 | Snake:1  | Entered Level 1 of the Snake Pit
 23549 | Snake:1  | Found Lisizau's Book Emporium.
 23555 | Snake:1  | HP: 5/128 [sea snake (12)]
 23564 | Snake:1  | HP: 6/128 [shock serpent/electric aura (2)]
 23566 | Snake:1  | Slain by a sea snake

Vault maps used:
D:1:      saegor_arrival_simple_c, minmay_misc_feat_square
D:2:      overflow_temple_1_default
D:3:      lemuel_castle_with_subvaults, portal_sewer_entry_e
D:4:      old_standard_altar, serial_glass, glass_columns_a, glass_columns_a
D:5:      nicolae_overflow_hidden_temple, first_bread, uniq_blork_the_orc,
          uniq_sigmund, uniq_menkaure, uniq_grinder, uniq_prince_ribbit1
D:6:      elyvilon_altar_1
D:7:      serial_shops, shop, shop, shop, serial_bayou_crossing
D:8:      kennysheep_seaside_town, grunt_temple_overflow_open, grunt_pizzeria,
          minmay_misc_feat_roman
D:9:      minmay_librarian, uniq_erolcha
D:10:     enter_bailey_2, uniq_erica, uniq_snorg
D:11:     erik_lair_island, special_room, kennysheep_generic_room_16
D:12:     basic_altar
D:13:     minmay_splitting_lines, serial_park_tiny_2, minmay_hidden_floor,
          uniq_rupert, uniq_frances
Temple:   bh_familiar_temple
Lair:1:   minmay_lair_oklob_items
Lair:2:   wad_woods_stonehenge
Lair:3:   dummy_snake_entry, enter_volcano_2, lemuel_fruit_fields
Lair:4:   elwin_shoals_entry_rocks, grunt_megastairs_2
Lair:5:   eino_small_chamber_without_monster
Lair:6:   gammafunk_lair_ancient_temple, dpeg_slime_entry_enclosed_altar,
          special_room, grunt_megastairs_4
Snake:1:  serial_shops, shop_fountains, spider_trap, guppyfry_snake_island
Orc:1:    basic_altar
Orc:2:    pf_orc_diabolical, serial_shops, nicolae_shop_crystal,
          statue_in_the_mist_lemuel, bloody_trog, uniq_nessos
Sewer:    sewer_co_15_rooms
Bailey:   bailey_axe_minmay_hex_keep, bailey
Volcano:  volcano_pools

Skill      XL: |  1  2  3  4  5  6  7  8  9 10 11 12 13 14 15 16 |
---------------+-------------------------------------------------+-----
Unarmed Combat | 4 5 6 7 10 11 13 14 15 16 18 19 20 | 20.2
Stealth        | 3 4 |  4.9
Dodging        | 3 4 5 6 7 8 9 |  9.4
Fighting       | 4 5 6 7 8 |  8.0
Armour         | 1 2 3 4 5 7 8 9 |  9.2
Shields        | 3 4 5 7 8 10 11 | 11.0
Throwing       | 2 3 4 |  4.6
Invocations    | 2 3 4 5 6 |  6.2
Evocations     | 1 2 |  2.7

Action                   |  1- 3 |  4- 6 |  7- 9 | 10-12 | 13-15 | 16-18 || total
-------------------------+-------+-------+-------+-------+-------+-------++-------
Melee: Unarmed           |   144 |   312 |   586 |   685 |  1643 |   386 ||  3756
       Punch             |     3 |     4 |    21 |       |       |       ||    28
Throw: Tomahawk          |       |       |       |    34 |    70 |     9 ||   113
Invok: Upheaval          |       |       |     1 |     4 |    29 |       ||    34
       Elemental Force   |       |       |       |     1 |     1 |       ||     2
       Disaster Area     |       |       |       |       |       |     2 ||     2
Evoke: Wand              |       |       |       |    10 |       |       ||    10
  Use: Scroll            |       |    10 |     5 |    11 |    10 |     4 ||    40
       Potion            |       |     6 |     5 |     5 |     3 |     7 ||    26
 Stab: Sleeping          |     5 |     2 |     1 |       |       |       ||     8
       Invisible         |       |       |       |     7 |       |       ||     7
       Petrified         |       |       |       |       |     4 |       ||     4
       Fleeing           |       |       |       |       |     1 |       ||     1
  Eat: Chunk             |    11 |    21 |    48 |    85 |   135 |    41 ||   341
Armor: Robe              |    29 |       |       |       |       |       ||    29
       Ring mail         |    16 |    60 |    55 |       |   234 |    56 ||   421
       Scale mail        |       |       |    41 |    18 |       |       ||    59
       Chain mail        |       |       |       |   106 |    42 |       ||   148
Dodge: Dodged            |   116 |   286 |   461 |   270 |   899 |   216 ||  2248
       Deflected         |       |       |       |       |    14 |     9 ||    23
Block: Shield            |       |       |    15 |    63 |       |       ||    78
       Other             |       |       |     3 |       |       |       ||     3
       Buckler           |       |       |       |   296 |  1226 |   313 ||  1835
